 Dungeon Crawl Stone Soup version 0.15-a0-963-gb693d2a (console) character file.

1085 DragonArmour the Basher (level 8, -11/78 HPs)
             Began as an Ogre Berserker on May 22, 2014.
             Was an Elder of Trog.
             Killed from afar by a steam dragon (18 damage)
             ... with a ball of steam
             ... on Level 6 of the Dungeon.
             The game lasted 00:09:25 (1927 turns).

DragonArmour the Basher (Ogre Berserker)            Turns: 1927, Time: 00:09:25

HP -11/78        AC  3     Str 23      XL: 8   Next: 30%
MP   8/8         EV 10     Int  6      God: Trog [****..]
Gold 209         SH  0     Dex 11      Spells:  0 memorised,  7 levels left

rFire  . . .     SeeInvis .     o - +2,+1 flail (crush)
rCold  . . .     Clarity  .     q - +0 robe (curse)
rNeg   . . .     Conserve .     (shield restricted)
rPois  .         rCorr    .     (helmet restricted)
rElec  .         rRot     .     w - -1 cloak (curse)
SustAb .         Spirit   .     (gloves unavailable)
rMut   .         Warding  .     (boots unavailable)
Gourm  .         Stasis   .     i - amulet of faith
MR     ++...                    (no ring)
                                (no ring)

@: regenerating, exhausted, slowed, very slow, very resistant to hostile
enchantments, very unstealthy
A: unfitting armour, tough skin 1
a: Burn Spellbooks, Berserk, Trog's Hand, Brothers in Arms, Renounce Religion


You were on level 6 of the Dungeon.
You worshipped Trog.
Trog was greatly pleased with you.
You were very hungry.

You visited 1 branch of the dungeon, and saw 6 of its levels.

You collected 209 gold pieces.

Inventory:

Hand weapons
 a - a +0,+0 mace
 o - a +2,+1 flail of crushing (weapon)
 r - a +0,+0 giant club
Missiles
 p - a javelin (quivered)
Armour
 q - a cursed +0 robe (worn)
 w - a cursed -1 cloak (worn)
 y - a +0 robe
 z - a +0 robe
Magical devices
 t - a wand of lightning (3)
 u - a wand of teleportation (5) {unknown}
 x - a wand of random effects (11) {unknown}
Comestibles
 b - a bread ration
 c - 2 meat rations
 v - a choko
Scrolls
 d - 4 scrolls of immolation {unknown}
 e - a scroll of remove curse {unknown}
 h - a scroll of fear {unknown}
 j - 6 scrolls of identify {unknown}
 l - a scroll of enchant armour {unknown}
 A - a scroll of blinking {unknown}
 B - a scroll of magic mapping {unknown}
 E - a scroll of enchant weapon I {unknown}
 F - a scroll of teleportation {unknown}
Jewellery
 i - an amulet of faith (around neck)
Potions
 f - 5 potions of curing
 g - a potion of degeneration {unknown}
 k - a potion of brilliance {unknown}
 m - a potion of agility {unknown}
 n - a potion of restore abilities {unknown}
 s - a potion of heal wounds {unknown}
 D - a potion of invisibility {unknown}


   Skills:
 - Level 4.0 Fighting
 + Level 12.6 Maces & Flails
 - Level 2.9 Dodging


You had 7 spell levels left.
You didn't know any spells.

Dungeon Overview and Level Annotations

Branches:
Dungeon (6/15)
 Temple: D:4-7

Altars:
Dithmenos
Okawaru
Trog
Vehumet
Xom

Shops:
D:5 =

Annotations:
D:6 Sigmund


Innate Abilities, Weirdness & Mutations

You are too large for most types of armour.
You have tough skin (AC +1).


Message History

The steam dragon is almost dead.
The steam dragon bites you.
* * * LOW HITPOINT WARNING * * *
The steam dragon claws you but does no damage.
You thump the steam dragon!
You kill the steam dragon!
Trog accepts your kill. The steam dragon breathes steam at you.
The ball of steam hits you!
* * * LOW HITPOINT WARNING * * *
You are engulfed in a cloud of scalding steam.
You feel a strong urge to attack something.
You feel your anger subside.
You are no longer berserk.
You are exhausted.
You feel yourself slow down.
You are feeling very hungry.
The steam dragon breathes steam at you. The ball of steam hits you!
You die...

#≈...^#######.#.....#..<#
#.P≈..≈# #.#.#.......)
#.≈..PP# ####.#...#.###.#
##......# #..........# #.#
#.......###.##.####### #)#
#.......#.@.##...# #.#
####..#.#.######.#######.#
#....#.# #.).......#
##.#.#@##......#..#####
#...#§##......' .#
#####.#.#§##......# #
#.....D.#.##......#
#.##.#§##.##......#
#....#D§D.# ...$..#
########### ######


You could see Sigmund.

Vanquished Creatures
  The ghost of ciphuk the Insei, an average DrMo (D:6)
  A steam dragon (D:6)
  2 ice beasts
  An ogre (D:4)
  A phantom (D:6)
  A centaur (D:3)
  A crimson imp (D:5)
  A hound (D:4)
  A jelly (D:5)
  An iguana (D:5)
  3 worker ants
  3 adders
  3 gnolls (D:4)
  A shadow imp (D:5)
  An inept feature mimic (D:5)
  A giant mite (D:4)
  3 giant geckos
  An ooze (D:4)
  4 orcs
  2 giant cockroaches (D:3)
  9 goblins
  7 hobgoblins
  6 kobolds
  2 quokkas (D:3)
  7 bats
  A giant gecko zombie (D:6)
  3 giant newts
  5 jackals (D:1)
  5 rats
78 creatures vanquished.

Notes
Turn   | Place    | Note
--------------------------------------------------------------
     0 | D:1      | DragonArmour, the Ogre Berserker, began the quest for the Orb.
     0 | D:1      | Reached XP level 1. HP: 24/24 MP: 1/1
   183 | D:1      | Reached XP level 2. HP: 28/32 MP: 2/2
   294 | D:1      | Reached skill level 5 in Maces & Flails
   313 | D:1      | Acquired Trog's second power
   466 | D:2      | Reached XP level 3. HP: 21/39 MP: 3/3
   713 | D:3      | Noticed a centaur
   717 | D:3      | HP: 1/39 [centaur/arrow of frost (5)]
   724 | D:3      | Killed a centaur
   724 | D:3      | Reached skill level 7 in Maces & Flails
   724 | D:3      | Reached XP level 4. HP: 12/48 MP: 4/4
   775 | D:3      | Reached XP level 5. HP: 20/54 MP: 5/5
   938 | D:4      | Found a shadowy altar of Dithmenos.
   993 | D:4      | Reached skill level 8 in Maces & Flails
  1062 | D:4      | Noticed an ogre
  1070 | D:4      | Killed an ogre
  1070 | D:4      | Reached skill level 9 in Maces & Flails
  1070 | D:4      | Reached XP level 6. HP: 59/62 MP: 6/6
  1127 | D:5      | Entered Level 5 of the Dungeon
  1358 | D:5      | Found Pomiryil's Jewellery Shop.
  1454 | D:5      | Reached XP level 7. HP: 50/70 MP: 7/7
  1461 | D:5      | Reached skill level 10 in Maces & Flails
  1509 | D:5      | Found a radiant altar of Vehumet.
  1510 | D:5      | Found a shimmering altar of Xom.
  1527 | D:5      | Acquired Trog's third power
  1623 | D:6      | Found a shadowy altar of Dithmenos.
  1702 | D:6      | Reached skill level 11 in Maces & Flails
  1709 | D:6      | Noticed ciphuk's ghost (average DrMo)
  1728 | D:6      | Killed ciphuk's ghost
  1728 | D:6      | Reached XP level 8. HP: 37/78 MP: 8/8
  1742 | D:6      | Found an iron altar of Okawaru.
  1742 | D:6      | Found a bloodstained altar of Trog.
  1801 | D:6      | Noticed Sigmund
  1831 | D:6      | Reached skill level 12 in Maces & Flails
  1870 | D:6      | Noticed a steam dragon
  1871 | D:6      | Noticed a steam dragon
  1922 | D:6      | Killed a steam dragon
  1922 | D:6      | HP: 5/117 [steam dragon/ball of steam (21)]
  1927 | D:6      | Killed from afar by a steam dragon

Action                   |  1- 3 |  4- 6 |  7- 9 || total
-------------------------+-------+-------+-------++-------
Melee: Mace              |    92 |    45 |       ||   137
       Flail             |       |    43 |    70 ||   113
Throw: Javelin           |       |     1 |    11 ||    12
Invok: Berserk           |     1 |     3 |     1 ||     5
       Trog's Hand       |     1 |     1 |     3 ||     5
Evoke: Wand              |       |     2 |       ||     2
  Use: Potion            |     1 |       |       ||     1
